 Dungeon Crawl Stone Soup version 0.25.1-8-g42b30a86e7 (webtiles) character file.

Game seed: 12924941023281527054

41 Destapler the Grave Robber (level 3, -4/30 HPs)
             Began as a Deep Dwarf Necromancer on Dec 22, 2020.
             Slain by Sigmund
             ... wielding a +4 scythe of flaming
              (6 damage)
             ... on level 2 of the Dungeon.
             The game lasted 00:06:07 (1640 turns).

Destapler the Grave Robber (Deep Dwarf Necromancer) Turns: 1640, Time: 00:06:07

Health: -4/30      AC:  2    Str: 11    XL:     3   Next: 32%
Magic:  1/5        EV: 13    Int: 16    God:
Gold:   154        SH:  0    Dex: 13    Spells: 2/6 levels left

rFire    + . .     SeeInvis .   h - +0 dagger
rCold    . . .     Gourm    .   (no shield)
rNeg     . . .     Faith    .   a - +0 robe
rPois    .         Spirit   .   (no helmet)
rElec    .         Reflect  .   (no cloak)
rCorr    .         Harm     .   (no gloves)
MR       .....                  (no boots)
Stlth    +.........             (no amulet)
HPRegen  0.00/turn              g - ring of wizardry
MPRegen  0.09/turn              j - ring of protection from fire

@: confused, non-regenerating
A: damage resistance, heal wounds, sense surroundings 1, no regeneration
a: Heal Wounds


You were on level 2 of the Dungeon.
You were not hungry.

You visited 1 branch of the dungeon, and saw 2 of its levels.

You collected 154 gold pieces.

Inventory:

Hand Weapons
 d - a +0 club
 h - a +0 dagger (weapon)
Missiles
 p - 8 poisoned darts (quivered)
Armour
 a - a +0 robe (worn)
Jewellery
 g - a ring of wizardry (left hand)
 j - a ring of protection from fire (right hand)
Wands
 q - a wand of polymorph (10)
Scrolls
 b - a scroll of magic mapping {unknown}
 e - 3 scrolls of remove curse {unknown}
 f - 4 scrolls of blinking {unknown}
 i - 2 scrolls of teleportation {unknown}
 l - a scroll of identify {unknown}
 n - a scroll of enchant weapon {unknown}
Potions
 k - a potion of ambrosia {unknown}
 m - 3 potions of magic {unknown}
 o - a potion of heal wounds {unknown}
Comestibles
 c - 3 rations


   Skills:
 + Level 0.6 Fighting
 + Level 2.7 Dodging
 + Level 3.1 Stealth
 + Level 2.1 Spellcasting
 + Level 4.7 Necromancy
 + Level 0.0 Evocations


You had 2 spell levels left.
You knew the following spells:

 Your Spells              Type           Power        Failure   Level  Hunger
a - Pain                  Necr           ###.         1%          1    #......
b - Vampiric Draining     Necr           ###.......   3%          3    ###....

Your spell library contained the following spells:

 Spells                   Type           Power        Failure   Level  Hunger
 Animate Skeleton         Necr           N/A          1%          1    #......
 Animate Dead             Necr           N/A          12%         4    #####..
 Agony                    Necr           ###.....     32%         5    ######.


Dungeon Overview and Level Annotations

Branches:
Dungeon (2/15)

Altars:
Cheibriados
Gozag

Annotations:
D:2 Sigmund


Innate Abilities, Weirdness & Mutations

You are resistant to damage.
You can heal yourself by infusing magical energy.
You passively map a small area around you.
You do not regenerate.


Message History

Sigmund is almost dead.
Sigmund points at you and mumbles some strange words.
The magic dart hits you.
* * * LOW HITPOINT WARNING * * *
You hit Sigmund.
Sigmund is almost dead.
Sigmund gestures at you while chanting.
You are confused.
You're too confused to move!
Sigmund mumbles some strange words.
Sigmund flickers and vanishes!
Deactivating autopickup; reactivate with Ctrl-A.
You hear some strange, mumbled words.
Something tries to affect you, but you resist.
Something barely misses you. Something hits you.
* * * LOW HITPOINT WARNING * * *
Something burns you.
You miss something. Something hits you!
You die...

#....#########
######.##...#
#........##.#
#.....>..##.###
#.:.....<##..[##
#........####..#####
#...................
#.$.{....########...
#..@.....# ####
#........# #
#........#
#........#
##########


There were no monsters in sight!

Vanquished Creatures
  An adder (D:2)
  A worm (D:2)
  A dart slug (D:1)
  2 leopard geckos (D:2)
  An orc (D:2)
  3 bats (D:1)
  4 goblins
  3 hobgoblins
  4 frilled lizards
  2 kobolds (D:1)
  A rat (D:1)
23 creatures vanquished.

Notes
Turn   | Place    | Note
-------+----------+-------------------------------------------
     0 | D:1      | Destapler the Deep Dwarf Necromancer began the quest for
                  | the Orb.
     0 | D:1      | Reached XP level 1. HP: 15/15 MP: 3/3
   330 | D:1      | Reached XP level 2. HP: 22/22 MP: 1/4
   874 | D:2      | Noticed Sigmund
  1222 | D:2      | Reached XP level 3. HP: 14/30 MP: 0/5
  1282 | D:2      | Learned a level 3 spell: Vampiric Draining
  1345 | D:2      | Found a snail-covered altar of Cheibriados.
  1354 | D:2      | Found an opulent altar of Gozag.
  1640 | D:2      | Slain by Sigmund

Illustrated notes

Levels and vault maps discovered:
D:1:      shiori_shiawase, layout_basic, grunt_decor_cap
D:2:      layout_rooms, overflow_temple_1_default,
          nicolae_gozag_cash_rules_everything_around_me, uniq_sigmund

Skill      XL: |  1  2 |
---------------+-------+-----
Spellcasting   | 2 |  2.1
Stealth        | 3 |  3.1
Fighting       | |  0.6
Dodging        | |  2.7
Necromancy     | |  4.7

Action                   || total
-------------------------++-------
Melee: Club              ||     3
       Dagger            ||    52
 Cast: Pain              ||    46
       Vampiric Draining ||     3
 Abil: Heal Wounds       ||     1
 Stab: Sleeping          ||     2
  Eat: Chunk             ||     3
Armor: Robe              ||    10
Dodge: Dodged            ||    36
